 Dungeon Sprint DCSS version 0.24-a0-445-gd5110b030a (webtiles) character file.

Game seed: 8302357461759943823

3307 Canard the Martial Artist (level 10, -5/58 HPs)
             Began as a Vine Stalker Monk on June 22, 2019.
             Was the Champion of Qazlal.
             Killed from afar by Psyche (7 damage)
             ... with an iceblast
             ... in the Dungeon (Sprint VII: "The Pits").
             The game lasted 00:07:43 (899 turns).

Canard the Martial Artist (Vine Stalker Monk)        Turns: 899, Time: 00:07:45

Health: -5/58      AC: 18    Str: 20    XL:     10   Next: 1%
Magic:  0/18       EV: 14    Int: 10    God:    Qazlal [******]
Gold:   0          SH:  8    Dex: 17    Spells: 9/9 levels left

rFire    . . .     SeeInvis .     - Unarmed
rCold    . . .     Gourm    .   (no shield)
rNeg     . . .     Faith    .   n - +3 chain mail
rPois    .         Spirit   +   (no helmet)
rElec    .         Reflect  .   (no cloak)
rCorr    .         Harm     .   (no gloves)
MR       +....     NoTele   +   t - +0 pair of boots
Stlth    ..........             (no amulet)
HPRegen  0.59/turn              r - +3 ring of evasion
MPRegen  0.16/turn              p - +3 ring of strength

@: protected from physical damage, slowed, repel missiles, very slow
A: fangs 3, regeneration 1, magic shield, antimagic bite, no potion heal 3, rot
immunity
a: Upheaval, Elemental Force, Disaster Area, Renounce Religion


You were in the Dungeon.
You worshipped Qazlal.
Qazlal was exalted by your worship.
You were not hungry.

You visited 1 branch

Inventory:

Armour
 a - a +0 robe
 n - a +3 chain mail (worn)
   (You found it in the Dungeon)
 s - a +3 plate armour
   (You found it in the Dungeon)
 t - a +0 pair of boots (worn)
   (You found it in the Dungeon)
Jewellery
 p - a +3 ring of strength (right hand)
   (You found it in the Dungeon)
 r - a +3 ring of evasion (left hand)
   (You found it in the Dungeon)
Wands
 o - a wand of scattershot (5)
   (You took it off Pikel in the Dungeon)
Scrolls
 h - a scroll of blinking
 k - 3 scrolls of remove curse
 l - 5 scrolls of amnesia
 m - a scroll of summoning
Potions
 c - 8 potions of curing
 d - 12 potions of heal wounds
 e - a potion of haste
 f - 4 potions of magic
 g - 2 potions of berserk rage
 j - 2 potions of invisibility
 q - 2 potions of mutation
Comestibles
 b - 9 rations
 i - 3 chunks of flesh


   Skills:
 + Level 9.7 Fighting
 + Level 7.7 Armour
 - Level 6.5 Dodging
 - Level 2.4 Stealth
 + Level 13.3 Unarmed Combat
 + Level 10.0 Invocations


You had 9 spell levels left.
You didn't know any spells.
Your spell library was empty.

Dungeon Overview and Level Annotations

Branches:
Dungeon (1/1)

Altars:
Ashenzari
Cheibriados
Dithmenos
Elyvilon
Fedhas
Gozag
Hepliaklqana
Kikubaaqudgha
Makhleb
Nemelex Xobeh
Okawaru
Qazlal
Ru
Sif Muna
Trog
Uskayaw
Vehumet
Wu Jian
Xom
Yredelemnul
Zin
The Shining One
Beogh
Jiyva
Lugonu

Annotations:
D Psyche


Innate Abilities, Weirdness & Mutations

You have razor-sharp teeth.
Your natural rate of healing is unusually fast.
When hurt, damage is shared between your health and your magic reserves.
Your bite disrupts and absorbs the magic of your enemies.
Potions cannot restore your health.
You are immune to rotting.


Message History

* * * LOW MAGIC WARNING * * *;
* * * LOW HITPOINT WARNING * * *
Something drains your vigour!
You feel yourself slow down.
The spiny frog stings you but does no damage.
Huge Dmg: -19%(-11hp) hp: 7%(4hp)
Something hits you!
* * * LOW MAGIC WARNING * * *;
* * * LOW HITPOINT WARNING * * *
Something drains your vigour!
You feel as though you will be slow longer.
There is an open door to the Entrance Hall (Safe) here.
Huge Dmg: -5%(-3hp) hp: 2%(1hp)
Okay, then.
Unknown command.
You hear a shout!
Something is blocking the doorway!
You hear a zap.
An iceblast appears from out of thin air!
The mass of ice explodes!
The iceblast engulfs something.
The iceblast engulfs the spiny frog!!
The iceblast engulfs you!
* * * LOW MAGIC WARNING * * *
You die...

_______...###########++######
#########'##................#
.?(.')))'.##......#..#......#
#########.##................+
....)....))'.....o..........+
'#####'#####......#..#......#
.#[.#..)..##.pF...o...).....#
.#))#####'#####'#####))######
)#))#.....##..○.@..##''########
.#))#.....##...○.§.##.@o....o..
.#..###÷####..☼○..°##T).....o..
.##'#.....##...<...##.(#####...
.#........##.......##..).Kg# .
.#........##.......##..#.KK#
'###########.......##..#.g.#
..#.#.##..###########..# ###
.......#.############...


You could see a spiny frog and a neutral freed slave (wandering).

Vanquished Creatures
  A deep troll (D)
  A harpy (shapeshifter) (D)
  Pikel (D)
  A rime drake (D)
  A kobold demonologist (D)
  An efreet (D)
  A flying skull (D)
  A ynoxinul (D)
  A steam dragon (D)
  A warg (D)
  2 orc warriors (D)
  2 slaves (D)
  A wolf (D)
  An ice beast (D)
  A big kobold (D)
  A gnoll sergeant (D)
  2 orc priests (D)
  An orc wizard (D)
  4 gnolls (D)
  An ufetubus (D)
  5 orcs (D)
  A ball python (D)
  A giant cockroach (D)
  2 goblins (D)
  A hobgoblin (D)
  3 jackals (D)
  3 kobolds (D)
  A bat (D)
  A frilled lizard (D)
  A rat (D)
45 creatures vanquished.

Vanquished Creatures (others)
  A slave (D)
  An orc wizard (D)
  Ijyb (D)
  3 orcs (D)
  A rat (D)
7 creatures vanquished.

Grand Total: 52 creatures vanquished

Notes
Turn   | Place    | Note
-------+----------+-------------------------------------------
     0 | D        | Canard the Vine Stalker Monk began the quest for the Orb.
     0 | D        | Reached XP level 1. HP: 11/11 MP: 2/2
    17 | D        | Reached XP level 2. HP: 16/16 MP: 3/3
    45 | D        | Found a glowing golden altar of the Shining One.
    45 | D        | Found a glowing silver altar of Zin.
    45 | D        | Found a basalt altar of Yredelemnul.
    45 | D        | Found a shimmering altar of Xom.
    45 | D        | Found an ornate altar of the Wu Jian Council.
    45 | D        | Found a bloodstained altar of Trog.
    45 | D        | Found a deep blue altar of Sif Muna.
    45 | D        | Found a sacrificial altar of Ru.
    45 | D        | Found a stormy altar of Qazlal.
    45 | D        | Found an iron altar of Okawaru.
    45 | D        | Found a sparkling altar of Nemelex Xobeh.
    45 | D        | Found a burning altar of Makhleb.
    45 | D        | Found a viscous altar of Jiyva.
    45 | D        | Found a hazy altar of Hepliaklqana.
    45 | D        | Found an opulent altar of Gozag.
    45 | D        | Found a blossoming altar of Fedhas.
    45 | D        | Found a white marble altar of Elyvilon.
    45 | D        | Found a shadowy altar of Dithmenos.
    45 | D        | Found a snail-covered altar of Cheibriados.
    46 | D        | Found a radiant altar of Vehumet.
    46 | D        | Found a corrupted altar of Lugonu.
    46 | D        | Found a roughly hewn altar of Beogh.
    47 | D        | Found an ancient bone altar of Kikubaaqudgha.
    47 | D        | Found a hide-covered altar of Uskayaw.
    47 | D        | Found a shattered altar of Ashenzari.
    50 | D        | Became a worshipper of Qazlal Stormbringer
    50 | D        | Reached * piety under Qazlal
    50 | D        | Reached ** piety under Qazlal
    65 | D        | Reached skill level 4 in Unarmed Combat
    79 | D        | Reached XP level 3. HP: 9/21 MP: 1/4
    80 | D        | Reached *** piety under Qazlal
   286 | D        | Noticed an ice beast
   303 | D        | Reached **** piety under Qazlal
   356 | D        | Killed an ice beast
   356 | D        | Reached skill level 5 in Fighting
   356 | D        | Reached skill level 5 in Dodging
   356 | D        | Reached skill level 6 in Unarmed Combat
   356 | D        | Gained mutation: Your natural rate of healing is unusually
                  | fast. [Vine Stalker growth]
   356 | D        | Reached XP level 4. HP: 10/27 MP: 5/5
   356 | D        | Reached XP level 5. HP: 11/31 MP: 6/6
   435 | D        | Noticed an orc warrior
   435 | D        | Noticed a slave
   435 | D        | Noticed a slave
   435 | D        | Noticed a slave
   435 | D        | Noticed a slave
   435 | D        | Noticed a flying skull
   435 | D        | Noticed Pikel
   435 | D        | Noticed a warg
   460 | D        | Killed a slave
   485 | D        | Killed Pikel
   485 | D        | Reached skill level 9 in Unarmed Combat
   485 | D        | Reached XP level 6. HP: 35/38 MP: 2/10
   485 | D        | Reached XP level 7. HP: 39/42 MP: 2/11
   494 | D        | Killed a flying skull
   494 | D        | Reached skill level 10 in Unarmed Combat
   494 | D        | Reached skill level 5 in Invocations
   504 | D        | Reached ***** piety under Qazlal
   538 | D        | Killed a warg
   538 | D        | Gained mutation: You have razor-sharp teeth. [Vine Stalker
                  | growth]
   538 | D        | Reached XP level 8. HP: 35/47 MP: 10/13
   566 | D        | Noticed an efreet
   574 | D        | Killed an efreet
   574 | D        | Reached skill level 5 in Armour
   574 | D        | Reached skill level 11 in Unarmed Combat
   668 | D        | Noticed a harpy
   680 | D        | Killed a harpy
   680 | D        | Reached XP level 9. HP: 46/53 MP: 8/16
   781 | D        | Noticed a rime drake
   826 | D        | Killed Ijyb
   836 | D        | Killed a rime drake
   836 | D        | Reached skill level 12 in Unarmed Combat
   849 | D        | Noticed a kobold demonologist
   850 | D        | Reached ****** piety under Qazlal
   858 | D        | Killed a kobold demonologist
   874 | D        | Reached skill level 13 in Unarmed Combat
   878 | D        | Noticed a deep troll
   880 | D        | Noticed Psyche
   889 | D        | Noticed a spiny frog
   895 | D        | Killed a deep troll
   895 | D        | Reached skill level 10 in Invocations
   895 | D        | Reached XP level 10. HP: 33/58 MP: 13/18
   897 | D        | HP: 1/58 [something (4)]
   899 | D        | Killed from afar by Psyche

Levels and vault maps discovered:
D:        pitsprint [storerooms_1, entrance_room_1, metal_vault_8, armoury_1,
          mini_pit_1, grid_room_1, main_hall_1, silver_pit, the_coven_3,
          the_vestibule_1, steel_vault_2, golden_pit, hallway_of_sentries,
          crystal_vault_5, iron_vault_2, final_vault]

Skill      XL: |  1  2  3  4  5  6  7  8  9 |
---------------+----------------------------+-----
Fighting       | 3 4 5 7 9 |  9.7
Dodging        | 3 5 6 |  6.5
Unarmed Combat | 4 6 9 10 11 13 | 13.3
Armour         | 3 4 6 7 |  7.7
Invocations    | 4 6 8 10 | 10.0
Stealth        | |  2.4

Action                   |  1- 3 |  4- 6 |  7- 9 | 10-12 || total
-------------------------+-------+-------+-------+-------++-------
Melee: Unarmed           |    34 |    25 |    81 |       ||   140
       Bite              |    12 |     6 |    31 |       ||    49
       Punch             |     2 |     2 |     3 |       ||     7
Invok: Upheaval          |       |     2 |     6 |       ||     8
Evoke: Wand              |       |       |     1 |       ||     1
  Use: Potion            |     1 |       |     1 |       ||     2
 Stab: Sleeping          |     1 |       |       |       ||     1
Armor: Robe              |     4 |       |       |       ||     4
       Chain mail        |       |    11 |    18 |     1 ||    30
Dodge: Dodged            |    29 |     5 |    27 |       ||    61
       Deflected         |       |     1 |     1 |       ||     2
Block: Other             |     4 |     6 |    16 |       ||    26

Table legend:
 A = Non-vault XP
 B = Vault XP
 C = Vault XP percentage of total XP
 D = Non-vault monster count
 E = Vault monster count
 F = Vault count percentage of total count
                 A         B        C        D         E       F
            +---------+---------+-------+---------+---------+-------
      Total |       0 |    4725 | 100.0 |       0 |      43 | 100.0
            +---------+---------+-------+---------+---------+-------
          D |       0 |    4725 | 100.0 |       0 |      43 | 100.0
            +---------+---------+-------+---------+---------+-------
